 Dungeon Crawl Stone Soup version 0.27.1-3-gb3d3a73c9e (webtiles) character file.

Game seed: 12340468178666182998

611 Icepheonix32 the Conjurer (level 7, -10/43 HPs)
             Began as an Octopode Conjurer on Oct 14, 2021.
             Mangled by an ice beast (13 damage)
             ... on level 4 of the Dungeon.
             The game lasted 00:12:25 (4359 turns).

Icepheonix32 the Conjurer (Octopode Conjurer)       Turns: 4359, Time: 00:12:25

Health: -10/43     AC:  1    Str:  6    XL:     7   Next: 43%
Magic:  0/12       EV: 13    Int: 22    God:
Gold:   192        SH:  0    Dex: 11    Spells: 1/13 levels left

rFire    . . .     SeeInvis .   c - +1 spear (vorpal)
rCold    . . .     Faith    .   (no shield)
rNeg     . . .     Spirit   +   (helmet restricted)
rPois    .         Reflect  .   o - amulet of guardian spirit
rElec    .         Harm     .   b - ring of wizardry
rCorr    .         Rampage  .   g - +4 ring of slaying
Will     .....                  (no ring)
Stlth    ++++......             (no ring)
HPRegen  0.14/turn              (no ring)
MPRegen  0.13/turn              (no ring)
                                (no ring)
                                (no ring)

@: about to teleport
A: almost no armour, amphibious, 8 rings, camouflage 1, gelatinous body 1,
(nimble swimmer 1), tentacles
a: no special abilities


You were on level 4 of the Dungeon.
You visited 2 branches of the dungeon, and saw 5 of its levels.

You collected 192 gold pieces.

Inventory:

Hand Weapons
 c - a +1 vorpal spear (weapon)
 e - a +0 short sword
 u - a +3 flail
Missiles
 f - 11 poisoned darts (quivered)
 t - a boomerang of dispersal
 v - 2 atropa-tipped darts
 w - 4 boomerangs
Magical Staves
 m - a staff of fire
Jewellery
 b - a ring of wizardry (left tentacle)
 g - a +4 ring of slaying (right tentacle)
 o - an amulet of guardian spirit (around mantle)
 p - an amulet of faith
Wands
 s - a wand of polymorph (13)
Scrolls
 d - 4 scrolls of teleportation
 k - a scroll of acquirement {unknown}
 l - a scroll of magic mapping {unknown}
 n - 2 scrolls of identify {unknown}
Potions
 a - 3 potions of curing
 h - 2 potions of flight {unknown}
 i - a potion of lignification {unknown}
 j - a potion of magic {unknown}
 q - a potion of attraction {unknown}
 r - a potion of haste {unknown}


   Skills:
 + Level 1.0 Fighting
 - Level 0.3 Polearms
 + Level 1.2 Throwing
 * Level 3.4 Dodging
 + Level 5.4 Stealth
 * Level 3.8 Spellcasting
 + Level 5.5 Conjurations
 * Level 2.1 Hexes


You had one spell level left.
You knew the following spells:

 Your Spells              Type           Power      Damage    Failure   Level
a - Magic Dart            Conj           100%       1d8       1%          1
b - Searing Ray           Conj           56%        3d5       1%          2
c - Dazzling Flash        Conj/Hex       42%        N/A       2%          3
d - Slow                  Hex            13%        N/A       2%          2
e - Iskenderun's Mystic   Conj/Tloc      16%        2d5       14%         4

Your spell library contained the following spells:

 Spells                   Type           Power      Damage    Failure   Level
 Confusing Touch          Hex            13%        N/A       6%          3
 Sublimation of Blood     Necr           2%         N/A       7%          2
 Fulminant Prism          Conj/Hex       10%        3d9       9%          4
 Irradiate                Conj/Tmut      8%         3d16      36%         5
 Petrify                  Tmut/Erth      4%         N/A       41%         4
 Yara's Violent Unravell  Hex/Tmut       4%         3d4       58%         5


Dungeon Overview and Level Annotations

Branches:
Dungeon (4/15)             Temple (1/1) D:4

Altars:
Ashenzari
Dithmenos
Hepliaklqana
Kikubaaqudgha
Makhleb
Nemelex Xobeh
Okawaru
Qazlal
Ru
Sif Muna
Uskayaw
Zin
The Shining One

Annotations:
D:4 1 runed translucent door, kkwang's ghost, weakling FoAr


Innate Abilities, Weirdness & Mutations

You cannot wear most types of armour.
You are amphibious.
You can wear up to eight rings at the same time.
Your skin changes colour to match your surroundings (Stealth+).
Your rubbery body absorbs attacks. (AC +1, EV +1)
((You are camouflaged near water. (Stealth+)))
You have tentacles for arms and can constrict up to eight enemies at once.


Message History

You don't have enough magic to cast this spell.
Unknown command.
There is an open door here.
You feel better. The ice beast misses you.
Casting: Searing Ray (safe; 1% risk of failure)
Confirm with . or Enter, or press ? or * to list all spells.
Okay, then.
Aiming: Polymorph
Press: ? - help, Shift-Dir - straight line, f - ice beast
Aim: an ice beast (lightly wounded, will become a tengu, a wyvern, or a fire bat, chance to affect: 46%)
Okay, then.
You hit the ice beast.
The ice beast is lightly wounded.
The ice beast misses you.
Unknown command.
Throw: 12 darts (poison)
Press: ? - help, Q - select action, (/) - cycle Shift-Dir - straight line, f - ice beast
Aim: an ice beast (lightly wounded, 60% to hit)
You throw a poisoned dart.
The poisoned dart closely misses the ice beast.
The ice beast hits you. The ice beast freezes you!
* * * LOW HITPOINT WARNING * * *
There is an open door here.
Things that are here:
a +0 short sword; a +0 chain mail
There is an open door here.
Items here: )) ÷÷.
The gnoll shouts!
A gnoll and an orc come into view.
An orc comes into view. It is wielding a +0 whip.
As you read the scroll of teleportation, it crumbles to dust.
You feel strangely unstable. The ice beast hits you.
* * * LOW HITPOINT WARNING * * *
The ice beast freezes you!
* * * LOW HITPOINT WARNING * * *
Unknown command.
You feel better. The ice beast hits you.
* * * LOW HITPOINT WARNING * * *
The ice beast freezes you!
You die...

.≈≈###'# ......'..'.......
.≈≈≈.#.# #########''########
.≈≈≈.#.# #......)..).......
.≈≈≈.#.######.................
.≈≈≈.#.'....'...)..)..........
.≈≈≈.#.'....'.................
.≈≈≈.#.##############''##########
.≈≈≈.#.# .o.g#######....#######..
.≈≈≈.#.# ...o'g.@Y)'.)..'.....'..
.≈≈###'# ....#######)÷..#######..
P≈≈#...#############''''#########
.≈≈#...#)))..)......)............
.≈≈#####≈)≈≈))≈≈)≈≈≈....≈≈≈≈≈≈≈≈≈
.≈≈≈≈≈≈≈≈≈≈≈≈≈≈≈≈≈≈≈....≈≈≈≈≈≈≈≈≈
.≈≈≈≈≈≈))≈)≈≈≈≈≈≈≈≈)....≈≈≈≈≈≈≈≈≈
...).).....)....)................
###################..............


You could see an ice beast, 2 gnolls and 2 orcs.

Vanquished Creatures
  A necrophage (D:4)
  A water moccasin skeleton (D:4)
  A howler monkey (D:4)
  2 jellies (D:4)
  An orc priest (D:4)
  A gnoll shaman (D:4)
  Natasha (thrice) (D:2)
  A hound skeleton (D:4)
  9 gnolls (D:4)
  3 adders
  2 worms (D:4)
  2 dart slugs
  18 orcs
  8 ball pythons
  7 bats
  6 endoplasms
  3 giant cockroaches
  6 goblins
  7 hobgoblins
  13 jackals (D:4)
  A quokka (D:1)
  A frilled lizard (D:3)
  4 kobolds
  A rat (D:3)
102 creatures vanquished.

Vanquished Creatures (others)
  A fungus (D:2)
  4 plants
5 creatures vanquished.

Grand Total: 107 creatures vanquished

Notes
Turn   | Place    | Note
-------+----------+-------------------------------------------
     0 | D:1      | Icepheonix32 the Octopode Conjurer began the quest for the
                  | Orb.
     0 | D:1      | Reached XP level 1. HP: 11/11 MP: 3/3
   200 | D:1      | Reached XP level 2. HP: 17/17 MP: 3/5
   543 | D:1      | Learned a level 2 spell: Searing Ray
   597 | D:2      | Noticed Natasha
   602 | D:2      | Killed Natasha
   603 | D:2      | Reached XP level 3. HP: 21/21 MP: 6/6
   623 | D:2      | Learned a level 3 spell: Dazzling Flash
   706 | D:2      | Noticed Natasha
   710 | D:2      | Killed Natasha
   711 | D:2      | Reached XP level 4. HP: 27/27 MP: 4/7
   928 | D:2      | Noticed Natasha
   934 | D:2      | Killed Natasha
   935 | D:2      | Reached skill level 5 in Conjurations
  1030 | D:2      | Found a faded altar of an unknown god.
  1247 | D:2      | Reached XP level 5. HP: 22/31 MP: 6/9
  1259 | D:2      | Learned a level 2 spell: Slow
  2399 | D:4      | Found a runed translucent door.
  2445 | D:4      | Noticed kkwang's ghost (weakling FoAr)
  2500 | D:4      | Noticed a necrophage
  2509 | D:4      | Killed a necrophage
  2510 | D:4      | Reached skill level 1 in Hexes
  2510 | D:4      | Reached XP level 6. HP: 21/37 MP: 10/10
  2517 | D:4      | Found a shadowy altar of Dithmenos.
  2708 | D:4      | Found a sacrificial altar of Ru.
  2800 | D:4      | Found a staircase to the Ecumenical Temple.
  2812 | Temple   | Entered the Ecumenical Temple
  3109 | D:4      | Reached skill level 5 in Stealth
  3416 | D:4      | Reached skill level 1 in Fighting
  3574 | D:4      | Reached XP level 7. HP: 43/43 MP: 12/12
  3778 | D:4      | Learned a level 4 spell: Iskenderun's Mystic Blast
  3950 | D:4      | Reached skill level 1 in Throwing
  4358 | D:4      | HP: 1/43 [ice beast (5)]
  4359 | D:4      | Mangled by an ice beast

Illustrated notes

Levels and vault maps discovered:
D:1:      minmay_arrival_nine_rooms, layout_rooms, minmay_statues_item
D:2:      layout_basic, shapermc_ecumenical_altar_petra, uniq_natasha
D:3:      layout_loops_corners
D:4:      lemuel_castle_with_subvaults [lemuel_castle_interior_original],
          layout_rooms, nicolae_dithmenos_the_darkroom,
          nicolae_ru_sacrificial_ziggurat, minmay_temple_entry_arrows,
          ebering_ghost_sewer_d, kennysheep_dice
Temple:   minmay_temple_curvy_loop

Skill      XL: |  1  2  3  4  5  6  7 |
---------------+----------------------+-----
Stealth        | 3 4 5 |  5.4
Conjurations   | 5 |  5.5
Dodging        | 3 |  3.4
Spellcasting   | 3 |  3.8
Hexes          | 1 2 |  2.1
Fighting       | 1 |  1.0
Throwing       | 1 |  1.2
Polearms       | |  0.3

Action                   |  1- 3 |  4- 6 |  7- 9 || total
-------------------------+-------+-------+-------++-------
Melee: Spear             |    14 |    63 |    28 ||   105
       Constrict         |     2 |     9 |     4 ||    15
       Tentacles         |       |     6 |     2 ||     8
Throw: Dart              |       |    23 |    48 ||    71
       Boomerang         |       |       |     2 ||     2
 Cast: Magic Dart        |    15 |    21 |    27 ||    63
       Searing Ray       |     1 |    13 |     6 ||    20
  Use: Scroll            |       |     1 |     1 ||     2
       Potion            |       |       |     2 ||     2
 Stab: Sleeping          |     3 |    13 |       ||    16
       Distracted        |       |       |     1 ||     1
Armor: Skin              |     1 |     2 |     2 ||     5
Dodge: Dodged            |     5 |    20 |    19 ||    44
